 Dungeon Crawl Stone Soup version 0.29-a0-359-g541a27f54d (webtiles) character file.

Game seed: 969314581116349783

68 Essalna the Conjurer (level 4, 29/30 HPs)
             Began as a Demonspawn Conjurer on Apr 28, 2022.
             Got out of the dungeon alive.
             The game lasted 00:03:40 (2376 turns).

Essalna the Conjurer (Demonspawn Conjurer)          Turns: 2376, Time: 00:03:41

Health: 29/30      AC:  2    Str:  7    XL:     4   Next: 1%
Magic:  8/8        EV: 12    Int: 22    God:
Gold:   49         SH:  0    Dex: 17    Spells: 8/9 levels left

rFire   . . .      SeeInvis .   c - +2 dagger (venom)
rCold   . . .      Faith    .   (no shield)
rNeg    . . .      Spirit   .   a - +0 robe
rPois   .          Reflect  .   (no helmet)
rElec   .          Harm     .   (no cloak)
rCorr   .          Rampage  .   (no gloves)
Will    .....                   (no boots)
Stlth   ++........              (no amulet)
HPRegen 0.10/turn               g - +6 ring of dexterity
MPRegen 0.11/turn               (no ring)

@: no status effects
A: ignite blood 2, demonic touch 1
a: no special abilities


You escaped.
You visited 1 branch of the dungeon, and saw 2 of its levels.

You collected 49 gold pieces.

Inventory:

Hand Weapons
 c - a +2 dagger of venom (weapon)
 f - a +0 dagger of flaming
Armour
 a - a +0 robe (worn)
Jewellery
 g - a +6 ring of dexterity (left hand)
Scrolls
 d - 4 scrolls of identify {unknown}
 h - a scroll of teleportation {unknown}
 i - a scroll of fear {unknown}
 j - 2 scrolls of blinking {unknown}
 k - a scroll of noise {unknown}
 l - a scroll of torment {unknown}
Potions
 b - a potion of magic
 e - 2 potions of curing {unknown}


   Skills:
 - Level 1.7 Dodging
 - Level 1.7 Stealth
 + Level 3.1 Spellcasting
 + Level 4.8 Conjurations


You had 8 spell levels left.
You knew the following spells:

 Your Spells              Type           Power      Damage    Failure   Level
a - Magic Dart            Conj           96%        1d7       1%          1

Your spell library contained the following spells:

 Spells                   Type           Power      Damage    Failure   Level
 Searing Ray              Conj           48%        2d6       2%          2
 Dazzling Flash           Conj/Hex       28%        N/A       14%         3
 Fulminant Prism          Conj/Hex       7%         3d7       41%         4
 Iskenderun's Mystic Bla  Conj/Tloc      14%        2d5       41%         4


Dungeon Overview and Level Annotations

Branches:
Dungeon (2/15)

Altars:


Innate Abilities, Weirdness & Mutations

Your demonic aura often causes spilled blood to erupt in flames.
Your touch may inflict minor irresistible damage on your foes.


Message History

You see here the +4 rapier of Forgiveness {holy, rElec Will+ Int+4}.
Key pressed, stopping explore.
A hobgoblin comes into view.
A hobgoblin is nearby!
A hobgoblin is nearby!
A hobgoblin is nearby!
A hobgoblin is nearby!
A hobgoblin is nearby!
A hobgoblin is nearby!
A hobgoblin is nearby!
A hobgoblin is nearby!
The hobgoblin shouts!
The hobgoblin hits you.
You closely miss the hobgoblin. The hobgoblin barely misses you.
You closely miss the hobgoblin. The hobgoblin hits you.
You are too injured to fight recklessly!
You are too injured to fight recklessly!
You are too injured to fight recklessly!
You are too injured to fight recklessly!
You are too injured to fight recklessly!
You are too injured to fight recklessly!
You are too injured to fight recklessly!
You are too injured to fight recklessly!
You are too injured to fight recklessly!
A hobgoblin is nearby!
A hobgoblin is nearby!
You hit the hobgoblin.
The hobgoblin is poisoned.
The hobgoblin is severely wounded.
The hobgoblin barely misses you.
You hit the hobgoblin.
You kill the hobgoblin!
You have reached level 4!
You feel clever.
Your demonic ancestry asserts itself...
Your hands begin to faintly glow with unholy energy.
There is a stone staircase leading up here.
You climb upwards.
There is a stone staircase leading down here.
There is a staircase leading out of the dungeon here.
Are you sure you want to leave the Dungeon?
This will make you lose the game!
You have escaped!

#...#####...............+.....
#...................#.#.#.....
#....##..#.#>##..##.#.#.#.....
####........##.###.....#...######
........##.##### ##.##.##..#
#######.>### ###>.##..######
##.##.## #####.##....>......
######......###.##.....##.#######
........##..##>#@#..##.##.#######
..####.................##.#......
..# #.########.#########.#......
..# #........#.........#.#......
..###########.##.######.#.#......
..'......# #......# #.#.#......
..######.# ####.#.# #.#.#......
..##...#.# #.#.# #.#.#......
..##.#.#.# #.#.# #.#.#..)...


There were no monsters in sight!

Vanquished Creatures
  An adder skeleton (D:2)
  2 worms (D:2)
  3 dart slugs
  An endoplasm (D:2)
  A hobgoblin (D:2)
  11 jackals
  A quokka (D:2)
  2 ball pythons (D:1)
  A ball python skeleton (D:2)
  A ball python zombie (D:2)
  6 bats
  3 frilled lizards
  3 goblins (D:1)
  8 kobolds
  A quokka skeleton (D:2)
  8 rats
53 creatures vanquished.

Vanquished Creatures (others)
  6 withered plants (D:2)
6 creatures vanquished.

Grand Total: 59 creatures vanquished

Notes
Turn   | Place    | Note
-------+----------+-------------------------------------------
     0 | D:1      | Essalna the Demonspawn Conjurer began the quest for the
                  | Orb.
     0 | D:1      | Reached XP level 1. HP: 13/13 MP: 3/3
   266 | D:1      | Gained mutation: Your demonic aura sometimes causes spilled
                  | blood to erupt in flames. [demonic ancestry]
   266 | D:1      | Reached XP level 2. HP: 19/19 MP: 0/5
   775 | D:1      | Found a faded altar of an unknown god.
   802 | D:1      | Gained mutation: Your demonic aura often causes spilled
                  | blood to erupt in flames. [demonic ancestry]
   802 | D:1      | Reached XP level 3. HP: 20/24 MP: 1/7
  2297 | D:2      | Identified the +4 rapier of Forgiveness {holy, rElec Will+
                  | Int+4}
  2313 | D:2      | Gained mutation: Your touch may inflict minor irresistible
                  | damage on your foes. [demonic ancestry]
  2313 | D:2      | Reached XP level 4. HP: 22/30 MP: 8/8
  2376 | D:$      | Got out of the dungeon alive.

Illustrated notes

Levels and vault maps discovered:
D:1:      onia_arrival_handbag, layout_basic, nicolae_ecumenical_lake_church,
          hangedman_decor_growths
D:2:      layout_loops_ring, serial_undead, serial_undead_f, serial_undead_c,
          serial_undead_b, serial_undead_b, serial_undead_f, serial_undead_d

Skill      XL: |  1  2  3 |
---------------+----------+-----
Spellcasting   | 3 |  3.1
Dodging        | |  1.7
Stealth        | |  1.7
Conjurations   | |  4.8

Action                   |  1- 3 |  4- 6 || total
-------------------------+-------+-------++-------
Melee: Dagger            |    41 |       ||    41
 Cast: Magic Dart        |    93 |       ||    93
 Stab: Sleeping          |     1 |       ||     1
Armor: Robe              |    12 |       ||    12
Dodge: Dodged            |    50 |       ||    50

Table legend: (Time is in decaauts)
 A = Elapsed time spent in this place.
 B = Non-inter-level travel time spent in this place.
 C = Inter-level travel time spent in this place.
 D = Time resting spent in this place.
 E = Time spent auto-exploring this place.
 F = Levels seen in this place.
 G = Mean time per level.
                   A        B        C        D        E       F      G
               +--------+--------+--------+--------+--------+-----+--------+
         Total |   2377 |   2277 |    100 |      0 |   1973 |   2 | 1188.5 |
       Dungeon |   2377 |   2277 |    100 |      0 |   1973 |   2 | 1188.5 |
               +--------+--------+--------+--------+--------+-----+--------+

Top non-repeatable levels by time:
     D:1: 1425 daAuts
     D:2: 952 daAuts
